 Dungeon Crawl Stone Soup version 0.20.1-1-g8b1a95d (webtiles) character file.

1077 Irenicus the Cleaver (level 8, 0/68 HPs)
             Began as a Deep Dwarf Fighter on Oct 28, 2017.
             Shot with an arrow by a centaur (5 damage)
             ... on level 5 of the Dungeon.
             The game lasted 00:09:40 (3349 turns).

Irenicus the Cleaver (Deep Dwarf Fighter)           Turns: 3349, Time: 00:09:41

Health: 0/68       AC:  5    Str: 21    XL:     8   Next: 8%
Magic:  17/17      EV: 10    Int:  8    God:
Gold:   187        SH:  0    Dex: 14    Spells: 7/7 levels left

rFire    . . .     SeeInvis .   a - +0 war axe
rCold    + . .     Gourm    .   (no shield)
rNeg     . . .     Faith    .   e - +0 ring mail
rPois    .         Spirit   .   (no helmet)
rElec    .         Reflect  .   (no cloak)
rCorr    .         Harm     .   (no gloves)
MR       +....                  (no boots)
Stlth    +.........             (no amulet)
Regen    0.0/turn               r - ring of magical power
MPRegen  0.2/turn               y - ring of protection from cold

@: non-regenerating
A: damage resistance, heal wounds, sense surroundings 1, no regeneration
a: Heal Wounds


You were on level 5 of the Dungeon.
You were very hungry.

You visited 1 branch of the dungeon, and saw 5 of its levels.

You collected 187 gold pieces.

Inventory:

Hand Weapons
 a - a +0 war axe (weapon)
Armour
 b - a +0 scale mail
 c - a +0 shield
 e - a +0 ring mail (worn)
Jewellery
 r - a ring of magical power (left hand)
 y - a ring of protection from cold (right hand)
Wands
 v - a wand of lightning (0/15)
 x - a wand of digging (2/24)
Scrolls
 g - a scroll of noise {unknown}
 h - 2 scrolls of blinking {unknown}
 i - 2 scrolls of identify
 j - 5 scrolls of remove curse {unknown}
 m - a scroll of immolation {unknown}
 n - 3 scrolls of teleportation {unknown}
 q - 2 scrolls of enchant weapon {unknown}
 s - a scroll of fear {unknown}
 z - a scroll of amnesia {unknown}
Potions
 d - 2 potions of might
 k - a potion of heal wounds
 l - a potion of resistance
 o - a potion of haste
 p - 2 potions of curing
 t - a potion of brilliance
 u - 2 potions of degeneration
 A - a potion of flight
Comestibles
 f - 5 bread rations
 w - 2 royal jellies


   Skills:
 - Level 2.6 Fighting
 + Level 10.4 Axes
 - Level 3.2 Armour
 - Level 3.2 Shields
 + Level 0.6 Evocations


You had 7 spell levels left.
You didn't know any spells.

Dungeon Overview and Level Annotations

Branches:
Dungeon (5/15)
 Temple: D:4-7

Altars:
Dithmenos
Fedhas
Hepliaklqana
Kikubaaqudgha
Nemelex Xobeh
Sif Muna


Innate Abilities, Weirdness & Mutations

You are resistant to damage.
You can heal yourself by infusing magical energy.
You passively map a small area around you.
You do not regenerate.


Message History

You now have 187 gold pieces (gained 7).
Found a leather armour.
A - a potion of flight You see here a leather armour.
A crimson imp comes into view.
The crimson imp shouts!
The crimson imp moves out of view.
Found a scroll labeled HIETECW JIHU.
A centaur comes into view.
The centaur shouts!
The centaur wields a shortbow.
The centaur shoots an arrow.
The arrow hits you!
* * * LOW HITPOINT WARNING * * *
Found an escape hatch in the floor.
You see here an arrow.
The centaur shoots an arrow.
The arrow barely misses you. The crimson imp barely misses you.
You see here an arrow.
The crimson imp hits you but does no damage.
The centaur shoots an arrow.
The arrow hits you!
You die...

#.[....# #.##...##### #####
#.##.......#####....
####.#..##..#...##..##.
#.......###...#.##.####
##..............##.# #
#...#.............####
#............#.#.....#
#.#.#@.......#...##...
#..((5.........#..#...
#......#..[.....#........
*#..###...........##.......
, ..?
.............##.#.#... .
*..##..........#........ ,
..># ##......##....#.....
.c#* #..........#...#... ,
.. #[.....##....###...


You could see a centaur and a crimson imp.

Vanquished Creatures
  Pikel (D:4)
  The ghost of HammerPanzer the Bolt Thrower, an amateur CeHu (D:3)
  A necrophage (D:4)
  A phantom (D:5)
  3 hounds
  An iguana (D:4)
  7 gnolls
  4 adders
  2 dart slugs (D:1)
  A leopard gecko (D:4)
  2 orcs (D:3)
  2 giant cockroaches
  3 goblins
  7 hobgoblins
  6 jackals
  3 quokkas
  A ball python (D:2)
  11 bats
  3 frilled lizards (D:3)
  12 kobolds
  5 rats
77 creatures vanquished.

Vanquished Creatures (others)
  A worker ant (D:4)
1 creature vanquished.

Grand Total: 78 creatures vanquished

Notes
Turn   | Place    | Note
-------+----------+-------------------------------------------
     0 | D:1      | Irenicus the Deep Dwarf Fighter began the quest for the Orb.
     0 | D:1      | Reached XP level 1. HP: 20/20 MP: 1/1
   112 | D:1      | Reached skill level 3 in Axes
   118 | D:1      | Reached XP level 2. HP: 21/27 MP: 2/2
   838 | D:2      | Found a sparkling altar of Nemelex Xobeh.
   906 | D:2      | Reached skill level 4 in Axes
   906 | D:2      | Reached XP level 3. HP: 17/33 MP: 3/3
   992 | D:2      | Found a blossoming altar of Fedhas.
  1173 | D:2      | Reached XP level 4. HP: 37/40 MP: 4/4
  1248 | D:2      | Reached skill level 5 in Axes
  1626 | D:3      | Reached skill level 6 in Axes
  1626 | D:3      | Reached XP level 5. HP: 31/46 MP: 5/5
  1844 | D:3      | Noticed HammerPanzer's ghost (amateur CeHu)
  1862 | D:3      | Killed HammerPanzer's ghost
  1862 | D:3      | Reached skill level 7 in Axes
  1862 | D:3      | Reached XP level 6. HP: 20/55 MP: 6/6
  1880 | D:3      | Found an ancient bone altar of Kikubaaqudgha.
  2418 | D:4      | Reached skill level 8 in Axes
  2513 | D:4      | Reached XP level 7. HP: 10/59 MP: 7/7
  2521 | D:4      | Noticed Pikel
  2566 | D:4      | Killed Pikel
  2566 | D:4      | Reached skill level 10 in Axes
  2924 | D:4      | Found a hazy altar of Hepliaklqana.
  3026 | D:4      | Found a shadowy altar of Dithmenos.
  3067 | D:4      | Found a deep blue altar of Sif Muna.
  3222 | D:5      | Entered Level 5 of the Dungeon
  3239 | D:5      | Reached XP level 8. HP: 15/68 MP: 8/8
  3349 | D:5      | Shot with an arrow by a centaur

Skill      XL: |  1  2  3  4  5  6  7 |
---------------+----------------------+-----
Axes           | 3 4 6 7 8 10 | 10.4
Fighting       | |  2.6
Armour         | |  3.2
Shields        | |  3.2
Evocations     | |  0.6

Action                   |  1- 3 |  4- 6 |  7- 9 || total
-------------------------+-------+-------+-------++-------
Melee: War axe           |    93 |   150 |    14 ||   257
 Abil: Heal Wounds       |       |     1 |       ||     1
Evoke: Wand              |       |       |     3 ||     3
  Use: Potion            |     1 |     2 |     1 ||     4
       Scroll            |       |     5 |       ||     5
  Eat: Chunk             |       |     5 |       ||     5
       Fruit             |       |       |     2 ||     2
Armor: Scale mail        |     8 |       |       ||     8
       Ring mail         |    51 |    49 |     3 ||   103
       Skin              |       |     8 |       ||     8
Dodge: Dodged            |    61 |    66 |     5 ||   132
